 Dungeon Crawl Stone Soup version 0.31-a0-1338-gb567cfdca4 (webtiles) character file.

Game seed: 18219416149692201698

908 Curundu the Chucker (level 7, -3/60 HPs)
             Began as a Minotaur Berserker on Dec 22, 2023.
             Was a Priest of Trog.
             Slain by Prince Ribbit (15 damage)
             ... on level 5 of the Dungeon.
             The game lasted 00:20:04 (3811 turns).

Curundu the Chucker (Minotaur Berserker)            Turns: 3811, Time: 00:20:04

Health: -3/60      AC: 11    Str: 24    XL:     7   Next: 81%
Magic:  6/6        EV:  9    Int:  4    God:    Trog [***...]
Gold:   252        SH:  0    Dex:  9    Spells: 6/6 levels left

rFire   . . .        B - +6 flail (protect)
rCold   . . .        f - orb {*Rage}
rNeg    . . .        y - +0 chain mail
rPois   .            (helmet restricted)
rElec   .            (no cloak)
rCorr   +            h - +0 pair of gloves
SInv    .            (no boots)
Will    +....        (no amulet) Stlth
                     v - ring of willpower
HPRegen 0.30/turn    t - ring of resist corrosion
MPRegen 0.10/turn

%: random rage (20%)
@: on berserk cooldown
A: horns 2, retaliatory headbutt
a: Renounce Religion, Berserk, Trog's Hand


You were on level 5 of the Dungeon.
You worshipped Trog.
Trog was most pleased with you.
You visited 1 branch of the dungeon, and saw 5 of its levels.

You collected 252 gold pieces.

Inventory:

Hand Weapons
 B - a +6 flail of protection (weapon)
Missiles
 d - 3 boomerangs
 q - a poisoned dart
 A - 2 javelins (quivered)
Armour
 a - a +1 pair of boots
 f - an orb of wrath (worn)
 h - a +0 pair of gloves (worn)
 y - a +0 chain mail (worn)
Jewellery
 k - a ring of ice
 t - a ring of resist corrosion (right hand)
 v - a ring of willpower (left hand)
 w - a ring of magical power
Wands
 g - a wand of roots (2)
Scrolls
 b - 3 scrolls of teleportation {unknown}
 i - 4 scrolls of identify {unknown}
 l - a scroll of immolation {unknown}
 m - 2 scrolls of poison {unknown}
 n - 3 scrolls of noise {unknown}
 r - a scroll of revelation {unknown}
 u - 3 scrolls of vulnerability {unknown}
 x - a scroll of fear {unknown}
Potions
 c - a potion of might {unknown}
 e - a potion of berserk rage {unknown}
 j - a potion of brilliance {unknown}
 o - 5 potions of lignification {unknown}
 p - 2 potions of curing {unknown}
 s - a potion of resistance {unknown}
 z - a potion of heal wounds {unknown}


   Skills:
 + Level 4.9 Fighting
 + Level 2.4(3.5) Short Blades
 + Level 4.4(4.8) Long Blades
 + Level 2.0 Maces & Flails
 + Level 5.5 Throwing
 + Level 5.5 Armour
 + Level 3.1 Dodging
 + Level 1.1 Stealth


You had 6 spell levels left.
You didn't know any spells.
Your spell library was empty.

Dungeon Overview and Level Annotations

Branches:
Dungeon (5/15)
 Temple: D:4-7

Altars:
Dithmenos
Hepliaklqana
Wu Jian
Xom
The Shining One

Shops:
D:1 :

Annotations:
D:5 Prince Ribbit


Innate Abilities, Weirdness & Mutations

You have a pair of horns on your head.
You reflexively headbutt those who attack you in melee.


Message History

You closely miss the ice beast.
The ice beast is lightly wounded.
The ice beast closely misses you.
The ice beast hits you but does no damage.
You sock the ice beast!
The ice beast is severely wounded.
The ice beast barely misses you.
The ice beast hits you but does no damage.
You hit the ice beast. Your headbutt misses the ice beast.
The ice beast is severely wounded.
The ice beast hits you but does no damage.
The ice beast hits you. The ice beast freezes you!
You barely miss the ice beast.
The ice beast is severely wounded.
The ice beast barely misses you. You furiously retaliate!
You headbutt the ice beast!
You kill the ice beast!
Trog accepts your kill.
Prince Ribbit comes into view.
Your Maces & Flails skill increases to level 2!
Prince Ribbit says, "You're just another fly to me."
Things that are here:
a +0 rapier of speed; a +0 leather armour Prince Ribbit catches a mouse with his tongue.
Prince Ribbit hits you!
Prince Ribbit hits you but does no damage.
You see here a javelin.
You barely miss Prince Ribbit. Prince Ribbit barely misses you.
Prince Ribbit hits you! Prince Ribbit hits you.
* * * LOW HITPOINT WARNING * * *
You closely miss Prince Ribbit. Your headbutt misses Prince Ribbit.
You feel yourself speed up. Prince Ribbit hits you.
* * * LOW HITPOINT WARNING * * *
Prince Ribbit hits you but does no damage.
You barely miss Prince Ribbit.
Prince Ribbit blinks!
You miss Prince Ribbit. Prince Ribbit hits you.
* * * LOW HITPOINT WARNING * * *
Prince Ribbit hits you!
You die...

...... .##.....#..#
...... ........#..#
....#..........#..#
#...#+#.#.<# ####
#.##.# #.#..# # #
#†##.# ..#
#####.#....#....#
.......)F@...(...
#.##....####(###.
#....# # .......#
........# ........#
###...... #......


You could see Prince Ribbit.

Vanquished Creatures
  Grinder (D:3)
  Eustachio (D:5)
  Edmund (D:4)
  An ice beast (D:5)
  2 scorpions (D:4)
  A sleepcap (D:5)
  An iguana (D:4)
  Ijyb (D:3)
  An orc wizard (D:3)
  6 adders
  A worm (D:3)
  5 dart slugs
  9 orcs
  5 ball pythons
  4 endoplasms
  3 giant cockroaches
  7 goblins
  6 hobgoblins
  5 jackals
  5 kobolds
  5 quokkas
  5 bats
  3 frilled lizards
  5 rats
84 creatures vanquished.

Notes
Turn   | Place    | Note
-------+----------+-------------------------------------------
     0 | D:1      | Curundu the Minotaur Berserker began the quest for the Orb.
     0 | D:1      | Reached XP level 1. HP: 19/19 MP: 0/0
    75 | D:1      | Found Lobaipt's Book Emporium.
   168 | D:1      | Reached XP level 2. HP: 24/27 MP: 1/1
   245 | D:1      | Found a faded altar of an unknown god.
   917 | D:2      | Reached skill level 1 in Throwing
   917 | D:2      | Reached XP level 3. HP: 33/33 MP: 2/2
  1045 | D:2      | Identified the +6 dagger of Ziewk {flame, rC+ Int+8 Dex-3}
  1393 | D:2      | Found a shimmering altar of Xom.
  1747 | D:3      | Reached ** piety under Trog
  1878 | D:3      | Found a hazy altar of Hepliaklqana.
  1981 | D:3      | Reached XP level 4. HP: 40/40 MP: 3/3
  1997 | D:3      | Found an ornate altar of the Wu Jian Council.
  2214 | D:3      | Noticed Grinder
  2229 | D:3      | Paralysed by Grinder for 5 turns
  2236 | D:3      | Paralysed by Grinder for 4 turns
  2243 | D:3      | Killed Grinder
  2244 | D:3      | Reached skill level 1 in Short Blades
  2244 | D:3      | Reached XP level 5. HP: 36/47 MP: 4/4
  2244 | D:3      | Reached XP level 6. HP: 41/53 MP: 5/5
  2517 | D:3      | Noticed Ijyb
  2525 | D:3      | Killed Ijyb
  2694 | D:4      | Found a glowing golden altar of the Shining One.
  2867 | D:4      | Reached skill level 1 in Stealth
  3251 | D:4      | Noticed Edmund
  3262 | D:4      | Killed Edmund
  3262 | D:4      | Reached *** piety under Trog
  3263 | D:4      | Reached skill level 5 in Throwing
  3263 | D:4      | Reached XP level 7. HP: 60/60 MP: 6/6
  3465 | D:4      | Found a shadowy altar of Dithmenos.
  3717 | D:5      | Entered Level 5 of the Dungeon
  3781 | D:5      | Noticed Eustachio
  3799 | D:5      | Killed Eustachio
  3800 | D:5      | Reached skill level 1 in Maces & Flails
  3800 | D:5      | Reached skill level 5 in Armour
  3804 | D:5      | Noticed Prince Ribbit
  3811 | D:5      | Slain by Prince Ribbit

Illustrated notes

Levels and vault maps discovered:
D:1:      wander_arrival_lonely_grave, layout_basic, serial_shops, shop,
          shapermc_ecumenical_altar_flowoftime
D:2:      layout_basic, basic_altar, kennysheep_generic_room_10
D:3:      layout_loops_ring, mainiacjoe_overflow_alcove_4,
          general_overflow_altar, grunt_ministairs_4, uniq_ijyb, uniq_grinder
D:4:      minmay_recursive_quarters, layout_cave_pods,
          nicolae_dithmenos_shadow_blocks, nicolae_tso_carved_into_rock,
          uniq_edmund
D:5:      kennysheep_steamy, layout_basic, elyvilon_altar_3,
          minmay_temple_entry_drinking_statues, hellmonk_no_cap, uniq_eustachio,
          uniq_menkaure, uniq_prince_ribbit1

Skill      XL: |  1  2  3  4  5  6  7 |
---------------+----------------------+-----
Fighting       | 4 |  4.9
Long Blades    | 4 |  4.4
Throwing       | 1 3 5 |  5.5
Armour         | 3 4 5 |  5.5
Short Blades   | 1 2 |  2.4
Stealth        | 1 |  1.1
Maces & Flails | 2 |  2.0
Dodging        | 3 |  3.1

Action                     |  1- 3 |  4- 6 |  7- 9 || total
---------------------------+-------+-------+-------++-------
  Melee: Falchion          |    40 |       |       ||    40
         Headbutt          |    15 |     5 |     1 ||    21
         Dagger            |    37 |    66 |       ||   103
         Flail             |       |       |    28 ||    28
  Throw: Boomerang         |    23 |    12 |       ||    35
         Dart              |    40 |    35 |       ||    75
         Javelin           |       |     3 |     7 ||    10
 Armour: Animal skin       |     4 |       |       ||     4
         Skin              |     2 |       |       ||     2
         Scale mail        |    25 |       |       ||    25
         Chain mail        |    15 |    49 |    24 ||    88
  Dodge: Dodged            |    33 |    34 |    14 ||    81

Table legend: (Time is in decaauts)
 A = Elapsed time spent in this place.
 B = Non-inter-level travel time spent in this place.
 C = Inter-level travel time spent in this place.
 D = Time resting spent in this place.
 E = Time spent auto-exploring this place.
 F = Levels seen in this place.
 G = Mean time per level.
                   A        B        C        D        E       F      G
               +--------+--------+--------+--------+--------+-----+--------+
         Total |   3939 |   3939 |      0 |      0 |   2876 |   5 |  787.8 |
       Dungeon |   3939 |   3939 |      0 |      0 |   2876 |   5 |  787.8 |
               +--------+--------+--------+--------+--------+-----+--------+

Top non-repeatable levels by time:
     D:4: 1189 daAuts
     D:2: 966 daAuts
     D:3: 927 daAuts
     D:1: 771 daAuts
     D:5: 83 daAuts
